 Dungeon Crawl Stone Soup version 0.30-a0-170-g85af917532 (webtiles) character file.

Game seed: 15244607171444806590

123 qw the Chopper (level 5, -1/32 HPs)
             Began as a Gargoyle Fighter on Sept 30, 2022.
             Slain by an orc
             ... wielding a +0 trident
              (6 damage)
             ... on level 4 of the Dungeon.
             The game lasted 00:00:52 (2383 turns).

qw the Chopper (Gargoyle Fighter)                   Turns: 2383, Time: 00:00:53

Health: -1/32      AC: 17    Str: 22    XL:     5   Next: 7%
Magic:  5/5        EV:  6    Int:  8    God:
Gold:   183        SH:  4    Dex:  9    Spells: 4/4 levels left

rFire   . . .      SeeInvis +    i - +1 war axe (vamp)
rCold   + . .      Faith    .    c - +0 buckler
rNeg    + . .      Spirit   .    o - +2 plate armour {rC+}
rPois   inf        Reflect  .    (helmet restricted)
rElec   +          Harm     .    (no cloak)
rCorr   .          Rampage  .    (no gloves)
Will    .....                    (no boots)
Stlth   ..........               (no amulet)
HPRegen 0.10/turn                j - ring of see invisible
MPRegen 0.09/turn                (no ring)

@: no status effects
A: sickness immunity, AC +4, negative energy resistance 1, electricity
resistance, torment resistance 1, petrification resistance, antennae 1
a: no special abilities


You were on level 4 of the Dungeon.
You visited 1 branch of the dungeon, and saw 4 of its levels.

You collected 183 gold pieces.


Innate Abilities, Weirdness & Mutations

You are immune to sickness and miasma.
Your stone body is resilient. (AC +4)
You are immune to poison.
You resist negative energy. (rN+)
You are resistant to electric shocks. (rElec)
You are resistant to unholy torment.
You are immune to petrification.
You have a pair of small antennae on your head.


   Skills:
 - Level 3.2 Fighting
 + Level 4.6 Axes
 - Level 3.2 Armour
 - Level 3.2 Shields


You had 4 spell levels left.
You didn't know any spells.
Your spell library was empty.

Inventory:

Hand Weapons
 b - a +0 flail
 e - a +2 war axe of freezing
 i - a +1 vampiric war axe (weapon)
Missiles
 q - 2 boomerangs (quivered)
Armour
 c - a +0 buckler (worn)
 o - a +2 plate armour of cold resistance (worn)
Jewellery
 j - a ring of see invisible (left hand)
Scrolls
 p - a scroll of identify
Potions
 a - a potion of invisibility {unknown}
 d - a potion of might
 h - a potion of haste {unknown}
 k - a potion of lignification {unknown}
 l - 2 potions of mutation
 m - a potion of curing
 n - a potion of attraction {unknown}

Dungeon Overview and Level Annotations

Branches:
Dungeon (4/15)
 Temple: D:4-7

Altars:
Ru


Message History

The iguana is heavily wounded.
You barely miss the orc. The orc hits you with a +0 trident.
The iguana bites you but does no damage.
The iguana bites you! The endoplasm freezes you.
You are frozen.
You resist.
You hit the iguana.
The iguana is severely wounded.
You barely miss the endoplasm. You closely miss the orc.
The endoplasm freezes you.
You are frozen.
You resist. The orc completely misses you. You block the iguana's attack.
The orc wizard mumbles some strange words.
The orc wizard flickers and vanishes for a moment.
You block the orc's attack.
You closely miss the iguana.
The iguana is severely wounded.
You slash the endoplasm!
You kill the endoplasm!
You closely miss the orc. You block the orc's attack.
The orc throws a silver boomerang.
The silver boomerang hits you but does no damage.
The silver sears you! The iguana closely misses you.
The orc hits you but does no damage.
You closely miss the iguana.
The iguana is severely wounded.
You completely miss the orc. You slash the orc wizard!
The orc wizard hits you but does no damage.
The orc hits you but does no damage. The orc hits you with a +0 flail.
The iguana bites you. The orc hits you but does no damage. x2
The iguana closely misses you.
The orc wizard hits you but does no damage.
You closely miss the iguana.
The iguana is severely wounded.
You slash the orc wizard!
You kill the orc wizard!
You closely miss the orc. You hit the orc but do no damage.
The orc hits you from afar with a +0 trident.
You die...

... .#
###..####..
........).####
.............#
#............#
#........$...#
#.....o)o..#
#.....@lo#
#####.####
###.###
#.....#
#.<...#
#.......)#
#....##....#
#.#.. #....#
...~ .....#


You could see an iguana and 3 orcs.

Vanquished Creatures
  An orc wizard (D:4)
  4 gnolls (D:3)
  3 adders
  A worm (D:3)
  2 orcs
  4 bats
  10 endoplasms
  A giant cockroach (D:1)
  3 goblins
  3 hobgoblins
  4 kobolds
  3 quokkas
  6 ball pythons
  4 frilled lizards
  3 rats
52 creatures vanquished.

Notes
Turn   | Place    | Note
-------+----------+-------------------------------------------
     0 | D:1      | qw the Gargoyle Fighter began the quest for the Orb.
     0 | D:1      | Reached XP level 1. HP: 14/14 MP: 1/1
     0 | D:1      | 0 ||| qw: Version: 0.2-a-12-gaebbb33
     0 | D:1      | 0 ||| qw: Game counter: 1596
     0 | D:1      | 0 ||| qw: Always use a shield: true
     0 | D:1      | 0 ||| qw: God list: Okawaru
     0 | D:1      | 0 ||| qw: Allow faded altars: false
     0 | D:1      | 0 ||| qw: Do Orc after D:15 true
     0 | D:1      | 0 ||| qw: Do second Lair branch before Depths: true
     0 | D:1      | 0 ||| qw: Lair rune preference: random
     0 | D:1      | 0 ||| qw: Plans: Normal, Zot:1-4, God:TSO, Crypt, Tomb,
                  | Pan, Slime:5, Hells, Abyss, Orb
     0 | D:1      | 0 ||| PLANNING D:1-11
    56 | D:1      | Found a faded altar of an unknown god.
    79 | D:1      | Reached skill level 2 in Axes
   133 | D:1      | Reached XP level 2. HP: 19/19 MP: 2/2
   635 | D:1      | 635 ||| UPGRADING to +2 plate armour of cold resistance.
   645 | D:1      | 645 ||| DROPPING +0 scale mail.
   646 | D:1      | 646 ||| DROPPING ring of magical power.
   647 | D:1      | 647 ||| UPGRADING to ring of see invisible.
   648 | D:1      | 648 ||| READING scroll labelled ODEUTO MUEXYIS.
   649 | D:1      | 649 ||| READING scroll labelled ROYGOIMEINK.
   650 | D:1      | 650 ||| READING scroll labelled VUWO UMEOS.
   651 | D:1      | 651 ||| READING scroll labelled UPHIRR NYUSY.
   677 | D:2      | Reached skill level 3 in Axes
   862 | D:2      | Reached XP level 3. HP: 16/23 MP: 3/3
   874 | D:2      | 874 ||| FLEEEEING.
   875 | D:2      | 875 ||| FLEEEEING.
   876 | D:2      | 876 ||| FLEEEEING.
   880 | D:2      | 880 ||| FLEEEEING.
   881 | D:2      | 881 ||| FLEEEEING.
   882 | D:2      | 882 ||| FLEEEEING.
   883 | D:2      | 883 ||| FLEEEEING.
   884 | D:2      | 884 ||| FLEEEEING.
   890 | D:2      | 890 ||| FLEEEEING.
   894 | D:2      | 894 ||| FLEEEEING.
   904 | D:2      | 904 ||| FLEEEEING.
   910 | D:2      | 910 ||| FLEEEEING.
   911 | D:2      | 911 ||| FLEEEEING.
   912 | D:2      | 912 ||| FLEEEEING.
   913 | D:2      | 913 ||| FLEEEEING.
   914 | D:2      | 914 ||| FLEEEEING.
   915 | D:2      | 915 ||| FLEEEEING.
   916 | D:2      | 916 ||| FLEEEEING.
   917 | D:2      | 917 ||| FLEEEEING.
   918 | D:2      | 918 ||| FLEEEEING.
   919 | D:2      | 919 ||| FLEEEEING.
   920 | D:2      | 920 ||| FLEEEEING.
   921 | D:2      | 921 ||| FLEEEEING.
   922 | D:2      | 922 ||| FLEEEEING.
   923 | D:2      | 923 ||| FLEEEEING.
   924 | D:2      | 924 ||| FLEEEEING.
   925 | D:2      | 925 ||| FLEEEEING.
   974 | D:2      | Found a sacrificial altar of Ru.
  1031 | D:2      | 1031 ||| DROPPING +0 club.
  1093 | D:2      | 1093 ||| Stepping ~*~*~tactically~*~*~ (stealth).
  1095 | D:2      | 1095 ||| Stepping ~*~*~tactically~*~*~ (stealth).
  1570 | D:2      | 1570 ||| DROPPING amulet of magic regeneration.
  1571 | D:2      | 1571 ||| READING 2 scrolls labelled RYGHETUOMO.
  1572 | D:2      | 1572 ||| READING scroll labelled FUKHLY GUMN.
  1573 | D:2      | 1573 ||| READING 2 scrolls labelled MOLEUMP JIMNYQ.
  1574 | D:2      | 1574 ||| READING scroll labelled JAMYLUISMU.
  1575 | D:2      | 1575 ||| DRINKING 2 metallic dark potions.
  1576 | D:2      | 1576 ||| DROPPING scroll of immolation.
  1638 | D:3      | Reached XP level 4. HP: 21/28 MP: 4/4
  1640 | D:3      | HP: 7/28 [gnoll/+0 halberd (3)]
  1642 | D:3      | Reached skill level 4 in Axes
  1737 | D:3      | 1737 ||| DROPPING +0 whip.
  1849 | D:3      | 1849 ||| Stepping ~*~*~tactically~*~*~ (stealth).
  2121 | D:3      | Reached XP level 5. HP: 32/32 MP: 5/5
  2354 | D:3      | 2354 ||| READING scroll labelled QUKHLI DUELUUNI.
  2354 | D:3      | Identified a scroll of acquirement
  2354 | D:3      | 2354 ||| ACQUIRING +2 war axe of freezing
  2354 | D:3      | Acquired a +2 war axe of freezing
  2356 | D:3      | 2356 ||| DRINKING 3 murky silvery potions.
  2356 | D:3      | Gained mutation: You have a pair of small antennae on your
                  | head. [potion of mutation]
  2382 | D:4      | HP: 5/32 [iguana (5)]
  2383 | D:4      | Slain by an orc

Levels and vault maps discovered:
D:1:      amcnicky_arrival_single_pillar, layout_basic, basic_ecumenical_altar
D:2:      layout_basic, basic_altar
D:3:      layout_loops_ring
D:4:      layout_rooms, kennysheep_slug_shrine, nicolae_overflow_crystal_walls,
          nicolae_yredelemnul_corpse_copse,
          minmay_temple_entry_drinking_statues, uniq_ijyb, uniq_sigmund

Skill      XL: |  1  2  3  4 |
---------------+-------------+-----
Axes           | 2 3 4 |  4.6
Fighting       | |  3.2
Armour         | |  3.2
Shields        | |  3.2

Action                   |  1- 3 |  4- 6 || total
-------------------------+-------+-------++-------
Melee: War axe           |    85 |    40 ||   125
Throw: Boomerang         |       |    17 ||    17
  Use: Scroll            |     8 |     1 ||     9
       Potion            |     1 |     1 ||     2
Armor: Scale mail        |    27 |       ||    27
       Plate armour      |    36 |    33 ||    69
Dodge: Dodged            |    39 |    10 ||    49
Block: Buckler           |    19 |     7 ||    26

Table legend:
 A = Non-vault XP
 B = Vault XP
 C = Vault XP percentage of total XP
 D = Non-vault monster count
 E = Vault monster count
 F = Vault count percentage of total count
                 A         B        C        D         E       F
            +---------+---------+-------+---------+---------+-------
      Total |     212 |       0 |   0.0 |      52 |       0 |   0.0
            +---------+---------+-------+---------+---------+-------
        D:1 |      29 |       0 |   0.0 |      16 |       0 |   0.0
        D:2 |      30 |       0 |   0.0 |      12 |       0 |   0.0
        D:3 |     110 |       0 |   0.0 |      20 |       0 |   0.0
        D:4 |      43 |       0 |   0.0 |       4 |       0 |   0.0
            +---------+---------+-------+---------+---------+-------
